 Dungeon Crawl Stone Soup version 0.30-b1-2-g02819fbbbe (webtiles) character file.

Game seed: 16838192612827348762

30 Alarkh the Sneak (level 3, 0/29 HPs)
             Began as a Demonspawn Delver on May 22, 2023.
             Succumbed to an adder's poison
             ... on level 1 of the Dungeon.
             The game lasted 00:00:48 (406 turns).

Alarkh the Sneak (Demonspawn Delver)                 Turns: 406, Time: 00:00:48

Health: 0/29       AC:  3    Str: 12    XL:     3   Next: 3%
Magic:  3/3        EV: 11    Int: 13    God:
Gold:   11         SH:  0    Dex: 14    Spells: 2/2 levels left

rFire   . .          .
                       - Unarmed
rCold   . . .        (no shield)
rNeg    . . .        a - +0 leather armour
rPois   .            (no helmet)
rElec   .            (no cloak)
rCorr   .            (no gloves)
SInv    .            (no boots)
Will    .....        l - amulet of the acrobat
Stlth   ++           (no ring)
HPRegen 0.24/turn    (no ring)
MPRegen 0.08/turn

%: acrobat
@: brilliant, lethally poisoned (0 -> -1), hasted, very quick
A: demonic magic 1
a: no special abilities


You were on level 1 of the Dungeon.
You visited 1 branch of the dungeon, and saw 5 of its levels.

You collected 11 gold pieces.

Inventory:

Armour
 a - a +0 leather armour (worn)
Jewellery
 l - an amulet of the acrobat (around neck)
Wands
 f - a wand of digging (3)
 m - a wand of flame (5)
Scrolls
 b - a scroll of fog
 c - 4 scrolls of magic mapping
 d - a scroll of fear
 j - 2 scrolls of amnesia {unknown}
 k - a scroll of identify {unknown}


   Skills:
 - Level 3.0 Fighting
 - Level 1.7 Dodging
 - Level 4.5 Stealth
 + Level 3.2 Unarmed Combat


You had 2 spell levels left.
You didn't know any spells.
Your spell library was empty.

Dungeon Overview and Level Annotations

Branches:
Dungeon (5/15)
 Temple: D:4-7

Altars:


Innate Abilities, Weirdness & Mutations

Spells you cast may paralyse adjacent enemies.


Message History

You feel sick.
You hit the adder but do no damage.
The adder is heavily wounded.
The adder bites you.
* * * LOW HITPOINT WARNING * * *
You are lethally poisoned!
The adder poisons you!
You miss the adder. You punch the adder, but do no damage.
The adder is heavily wounded.
* * * LOW HITPOINT WARNING * * *
You feel sick. The adder closely misses you.
You hit the adder.
The adder is severely wounded.
* * * LOW HITPOINT WARNING * * *
You feel sick. The adder closely misses you.
You closely miss the adder.
The adder is severely wounded.
* * * LOW HITPOINT WARNING * * *
You feel sick. The adder bites you but does no damage.
You hit the adder.
You kill the adder!
* * * LOW HITPOINT WARNING * * *
You feel sick.
You have reached level 3!
Your experience leads to an increase in your attributes!
Increase (S)trength, (I)ntelligence, or (D)exterity?
You feel clever. x2
You aren't carrying any potions.
Okay, then.
Things that are here:
an adder corpse; an adder corpse
* * * LOW HITPOINT WARNING * * *
You feel sick.
* * * LOW HITPOINT WARNING * * *
You feel sick.
* * * LOW HITPOINT WARNING * * *
You feel sick.
There is a stone staircase leading up here.
You climb upwards.
You die...

#########
#.....[.#
+.>.>.@.+
#.......#
#########
#..?....#
+...<...+
#.......#
#########


There were no monsters in sight!

Vanquished Creatures
  2 adders (D:2)
  A dart slug (D:3)
  A giant cockroach (D:3)
  A hobgoblin (D:2)
  A kobold (D:4)
  A quokka (D:4)
  3 bats (D:3)
10 creatures vanquished.

Notes
Turn   | Place    | Note
-------+----------+-------------------------------------------
     0 | D:5      | Alarkh the Demonspawn Delver began the quest for the Orb.
     0 | D:5      | Reached XP level 1. HP: 18/18 MP: 1/1
   225 | D:3      | Gained mutation: Spells you cast may paralyse adjacent
                  | enemies. [demonic ancestry]
   225 | D:3      | Reached XP level 2. HP: 12/24 MP: 2/2
   401 | D:2      | Reached XP level 3. HP: 3/29 MP: 3/3
   404 | D:2      | HP: 1/29 [poisoned by an adder]
   406 | D:1      | Succumbed to an adder's poison

Illustrated notes

Levels and vault maps discovered:
D:1:      minmay_arrival_up_and_down, layout_basic
D:2:      layout_rooms
D:3:      layout_loops_ring
D:4:      layout_loops_ring, serial_bayou, serial_bayou_pond_d,
          serial_bayou_pond_e, serial_bayou_pond_b, serial_bayou_shore_b,
          serial_bayou_shore_a, serial_bayou_ford_a
D:5:      layout_rooms, minmay_manual_mail

Skill      XL: |  1  2 |
---------------+-------+-----
Unarmed Combat | 2 3 |  3.2
Fighting       | |  3.0
Dodging        | |  1.7
Stealth        | |  4.5

Action                     || total
---------------------------++-------
  Melee: Unarmed           ||    55
         Punch             ||     1
    Use: Potion            ||     4
   Stab: Sleeping          ||     2
 Armour: Leather armour    ||    21
  Dodge: Dodged            ||    38
